Map: Prion Terraces

Players

Nano

  • Race: Terran Terran
  • League: Bronze

Berserk - Winner!

  • Race: Protoss Protoss
  • League: Silver

VOD

Have the link to the VOD?

Description

Time

  • Played on: Feb. 11, 2016, 5:40 a.m.
  • Length: 6:32
Show
View Real Time Build Order
Export as new Build Order

Nano Terran 

Build Orders:  

Get SALT Encoding   

  12  0:02  SCV  
  13  0:14  SCV  
  13  0:20  Supply Depot  
  14  0:28  SCV  
  15  0:42  SCV  
  16  0:45  Barracks  
  16  0:52  Refinery  
  16  0:55  Refinery, SCV  
  17  1:08  SCV  
  18  1:20  SCV  
  19  1:29  Supply Depot  
  19  1:33  Marine  
  19  1:38  SCV  
  21  2:00  Factory  
  21  2:05  Marine  
  22  2:15  SCV  
  23  2:23  Marine  
  23  2:29  SCV  
  25  2:45  Factory Tech Lab  
  25  2:52  Barracks  
  25  2:53  SCV  
  26  3:00  Barracks  
  26  3:05  SCV, Command Center  
  27  3:07  Marine, Engineering Bay  
  28  3:18  Cyclone  
  31  3:34  Supply Depot  
  31  3:54  Starport  
  32  3:55  SCV  
  32  3:58  Supply Depot  
  32  4:00  Marine  
  33  4:03  Barracks Tech Lab  
  33  4:04  Barracks Tech Lab  
  33  4:18  Marine  
  33  4:21  Orbital Command  
  34  4:29  Supply Depot  
  35  4:40  Barracks Reactor  
  35  4:42  Marauder x2  
  38  4:57  Supply Depot  
  38  5:03  SCV  
  38  5:05  Marauder x2  
  43  5:21  Marine x2  
  45  5:24  Supply Depot, SCV  
  46  5:30  SCV  
  46  5:32  Marauder  
  49  5:37  SCV  
  40  5:50  Marine x2  
  40  5:54  Cyclone  
  35  6:01  Marauder x2  
  31  6:20  Supply Depot  
Show
View Real Time Build Order
Export as new Build Order

Berserk Protoss - Winner!

Build Orders: Blink Stalkers 

Get SALT Encoding   

  12  0:01  Probe (Chrono Boost)  
  13  0:12  Probe (Chrono Boost)  
  14  0:17  Pylon  
  14  0:22  Probe (Chrono Boost)  
  15  0:36  Probe (Chrono Boost)  
  15  0:38  Gateway  
  16  0:45  Assimilator  
  16  0:46  Probe (Chrono Boost)  
  18  0:57  Probe (Chrono Boost)  
  18  1:05  Assimilator  
  18  1:10  Probe (Chrono Boost)  
  19  1:21  Probe (Chrono Boost)  
  20  1:35  Cybernetics Core  
  20  1:37  Pylon, Probe (Chrono Boost)  
  21  1:48  Probe (Chrono Boost)  
  22  1:58  Probe (Chrono Boost)  
  23  2:05  Nexus  
  23  2:12  Mothership Core (Chrono Boost)  
  25  2:19  Warp Gate  
  25  2:30  Probe (Chrono Boost)  
  25  2:31  Twilight Council  
  26  2:37  Pylon  
  26  2:41  Probe (Chrono Boost)  
  28  2:51  Probe (Chrono Boost)  
  28  2:55  Pylon  
  28  2:59  Pylon  
  28  3:03  Probe (Chrono Boost)  
  29  3:09  Blink (Chrono Boost)  
  29  3:14  Probe  
  29  3:16  Probe  
  31  3:26  Probe  
  32  3:30  Gateway, Probe  
  33  3:40  Probe  
  34  3:43  Gateway  
  34  3:49  Stalker  
  34  3:54  Probe, Assimilator  
  37  3:55  Probe  
  37  3:57  Assimilator  
  38  4:07  Probe  
  38  4:08  Pylon, Probe  
  40  4:18  Probe  
  40  4:31  Gateway x2  
  40  4:33  Stalker x2  
  44  4:40  Probe  
  45  4:50  Pylon  
  45  4:52  Probe  
  46  4:53  Pylon  
  46  4:55  Stalker  
  46  4:56  Stalker x2  
  52  5:00  Probe  
  53  5:18  Stalker  
  53  5:19  Stalker x2  
  59  5:22  Pylon  
  59  5:25  Pylon  
  59  5:31  Stalker x2  
  61  5:54  Stalker x3  
  61  5:55  Stalker x2  
  69  6:18  Stalker x5  
Tags
 
Add a new tag
Caveats
  • Supply blocks, unpowered buildings, or Contaminate may cause inaccurate times.
  • Supply counts are checked every 10 seconds.